 Dungeon Crawl Stone Soup version 0.30-a0-743-gbfdf073431 (webtiles) character file.

Game seed: 3679483981156107915

7646 Hubris850 the Slicer (level 11, -15/48 HPs)
             Began as a Tengu Fire Elementalist on Feb 6, 2023.
             Was a Believer of Vehumet.
             Demolished by a boulder beetle (46 damage)
             ... on level 1 of the Lair of Beasts.
             The game lasted 00:38:16 (9723 turns).

Hubris850 the Slicer (Tengu Fire Elementalist)      Turns: 9723, Time: 00:38:17

Health: -15/48     AC: 13    Str:  9    XL:     11   Next: 18%
Magic:  8/20       EV: 14    Int: 25    God:    Vehumet [**....]
Gold:   117        SH: 15    Dex: 17    Spells: 8/21 levels left

rFire   . . .      SeeInvis .    b - +1 dagger (elec)
rCold   + . .      Faith    +    n - +4 kite shield of the Peach {rC+ rN+}
rNeg    + . .      Spirit   .    e - +2 animal skin
rPois   +          Reflect  .    (helmet restricted)
rElec   .          Harm     .    a - +5 cloak of the Lion {Int+5}
rCorr   .          Rampage  .    U - +0 pair of fencer's gloves {Riposte Dex+3}
Will    ++...                    (boots unavailable)
Stlth   ++                       D - amulet of faith
HPRegen 0.28/turn                m - ring of willpower
MPRegen 0.17/turn                S - ring of poison resistance

@: flying quickly and evasively, quick
A: beak, talons 3, nimble flight, iridescent scales 1, frail 1, strong-willed 1
a: Renounce Religion


You were on level 1 of the Lair of Beasts.
You worshipped Vehumet.
Vehumet was pleased with you.
You visited 3 branches of the dungeon, and saw 11 of its levels.

You collected 597 gold pieces.
You spent 480 gold pieces at shops.

Inventory:

Hand Weapons
 b - a +1 dagger of electrocution (weapon)
Missiles
 i - a throwing net
 E - 4 javelins
 Y - a curare-tipped dart
Armour
 a - the +5 cloak of the Lion (worn) {Int+5}
   (You found it on level 9 of the Dungeon)

   Int:       It affects your intelligence (+5).
 e - a +2 animal skin (worn)
 n - the +4 kite shield of the Peach (worn) {rC+ rN+}
   (You acquired it on level 6 of the Dungeon)

   rC:        It protects you from cold.
   rN:        It protects you from negative energy.
 U - the +0 pair of fencer's gloves (worn) {Riposte Dex+3}
   (You bought it in a shop on level 9 of the Dungeon)

   Riposte:   It allows the wearer to riposte with melee weapons, swiftly
   retaliating against missed or blocked melee attacks.
   Dex:       It affects your dexterity (+3).
Jewellery
 m - a ring of willpower (left hand)
 p - a ring of protection from fire
 D - an amulet of faith (around neck)
 S - a ring of poison resistance (right hand)
Wands
 o - a wand of flame (15)
 t - a wand of digging (6)
 R - a wand of mindburst (22)
 X - a wand of roots (8)
Scrolls
 c - a scroll of fear {unknown}
 d - a scroll of noise {unknown}
 l - 4 scrolls of teleportation
 s - a scroll of summoning
 v - a scroll of magic mapping
 x - 2 scrolls of fog
 J - a scroll of torment {unknown}
 M - a scroll of silence {unknown}
 N - a scroll of blinking
 O - 3 scrolls of vulnerability {unknown}
Potions
 f - a potion of might
 h - 2 potions of heal wounds
 j - 3 potions of brilliance
 k - 3 potions of ambrosia
 q - a potion of berserk rage
 r - a potion of cancellation {unknown}
 z - a potion of curing
 B - a potion of resistance {unknown}
 F - a potion of degeneration {unknown}
 G - 2 potions of haste
 H - a potion of magic
 Z - a potion of flight


   Skills:
 + Level 9.2 Short Blades
 - Level 3.5 Dodging
 - Level 3.0 Stealth
 + Level 8.4 Shields
 - Level 5.9 Spellcasting
 - Level 8.0 Conjurations
 - Level 3.0 Translocations
 - Level 7.5 Fire Magic
 - Level 3.0 Air Magic


You had 8 spell levels left.
You knew the following spells:

 Your Spells              Type           Power      Damage    Failure   Level
a - Foxfire               Conj/Fire      100%       2x1d9     1%          1
b - Scorch                Fire           90%        2d9       1%          2
c - Kindle Blastsparks    Fire/Tloc/Air  60%        2d15      9%          3
d - Flame Wave            Conj/Fire      46%        2d12      8%          4
e - Inner Flame           Hex/Fire       26%        N/A       12%         3

Your spell library contained the following spells:

 Spells                   Type           Power      Damage    Failure   Level
 Poisonous Vapours        Pois/Air       28%        N/A       16%         2
 Apportation              Tloc           44%        N/A       5%          1
 Beastly Appendage        Tmut           14%        N/A       19%         1
 Necrotise                Necr           28%        1d5       19%         1
 Summon Small Mammal      Summ           28%        N/A       19%         1
 Wereblood                Tmut           7%         N/A       28%         2
 Lightning Bolt           Conj/Air       17%        1d32      45%         5
 Airstrike                Air            11%        2d(2-18)  47%         4
 Spider Form              Tmut/Pois      7%         N/A       50%         3
 Summon Lightning Spire   Summ/Air       14%        N/A       69%         4


Dungeon Overview and Level Annotations

Branches:
Dungeon (9/15)             Temple (1/1) D:5            Lair (1/5) D:9
    Orc (0/2) D:9

Altars:
Ashenzari
Cheibriados
Dithmenos
Elyvilon
Fedhas
Gozag
Hepliaklqana
Kikubaaqudgha
Makhleb
Nemelex Xobeh
Qazlal
Ru
Sif Muna
Trog
Uskayaw
Vehumet
Wu Jian
Yredelemnul
Zin
The Shining One

Shops:
D:5 (   D:9 [


Innate Abilities, Weirdness & Mutations

You have a beak for a mouth.
You have claws for feet.
Your magical nature lets you fly swiftly and evasively.
You are partially covered in iridescent scales. (AC +2)
You are frail. (-10% HP)
You are strong-willed. (Will+)


Message History

Okay, then.
You feel much better. You block the boulder beetle's attack.
The boulder beetle curls into a ball and begins rolling!
Aiming: Paralyse
Press: ? - help, Shift-Dir - straight line, f - boulder beetle
Aim: a boulder beetle (lightly wounded, rolling, chance to affect: 31%)
The boulder beetle easily resists.
Aiming: Paralyse
Press: ? - help, Shift-Dir - straight line, f/p - boulder beetle
Aim: a boulder beetle (lightly wounded, rolling, chance to affect: 31%)
The boulder beetle easily resists.
You block the boulder beetle's attack.
You riposte.
You hit the boulder beetle but do no damage.
The boulder beetle is lightly wounded.
The boulder beetle stops rolling and uncurls.
Aiming: Paralyse
Press: ? - help, Shift-Dir - straight line, f/p - boulder beetle
Aim: a boulder beetle (lightly wounded, chance to affect: 31%)
The boulder beetle easily resists.
The now-empty wand crumbles to dust.
You block the boulder beetle's attack.
Aiming: Fastroot
Press: ? - help, Shift-Dir - straight line, f/p - boulder beetle
Aim: a boulder beetle (lightly wounded)
The roots erupt in riotous growth!
Roots grab the boulder beetle.
The grasping roots constrict the boulder beetle.
You hear a loud, deep croak!
You hear a croak.
The boulder beetle struggles to leap free from constriction.
The grasping roots constrict the boulder beetle.
The boulder beetle curls into a ball and begins rolling!
The grasping roots constrict the boulder beetle, but do no damage.
The roots release their grip on the boulder beetle.
Casting: Foxfire (safe; 1% risk of failure)
Confirm with . or Enter, or press ? or * to list all spells.
Flames lash the boulder beetle.
The boulder beetle is moderately wounded.
The boulder beetle's fire resistance burns away.
The boulder beetle hits you!!!
Ouch! That really hurt!
You die...

...............##..###....#
........+.......+...#.....#
#.......#.....##...###....##
#.......#.....###..# #.....#
..............# #P.# #.....#
+.............# ##.# #....##
#.......#.....####.###.....#
.#####.#..................### #
................@...........#.###
.................B..........†....
..................°..............
.######............°.............
.####P# ..###..####.......###.P#
.P#...# ..###.# #......## ..#
.##...# ....#.. #......##.. .#
......##...##.. #.......... .#
.##........##. #...#.###..


You could see a boulder beetle (rolling, combustible).

Vanquished Creatures
  A hydra (Lair:1)
  2 two-headed ogres (D:9)
  A cyclops (D:9)
  A black mamba (Lair:1)
  A komodo dragon (Lair:1)
  3 hornets
  A troll (D:9)
  A slime creature (D:9)
  A wyvern (D:8)
  Menkaure (D:7)
  Edmund (D:6)
  A water moccasin (Lair:1)
  2 orc warriors (D:9)
  4 ice beasts
  2 black bears (D:6)
  2 centaurs (D:9)
  An ogre (D:6)
  2 kobold brigands
  2 necrophages
  2 bullfrogs
  A gnoll sergeant (D:7)
  3 scorpions
  15 wights
  4 killer bees (D:9)
  A howler monkey (D:9)
  2 jellies (D:7)
  4 orc priests
  2 hounds
  2 iguanas
  Jessica (D:3)
  A gnoll bouda (D:7)
  5 orc wizards
  Robin (D:1)
  6 adders
  12 gnolls
  A shadow imp (D:8)
  3 white imps
  An ufetubus (D:6)
  2 worms
  7 dart slugs
  26 orcs
  8 ball pythons
  4 bats
  6 endoplasms
  2 giant cockroaches
  11 goblins
  11 hobgoblins
  3 jackals (D:4)
  5 quokkas
  3 frilled lizards
  13 kobolds
  11 rats
209 creatures vanquished.

Vanquished Creatures (others)
  An orc wizard (D:9)
  240 foxfires
  A fungus (D:2)
  9 plants
251 creatures vanquished.

Grand Total: 460 creatures vanquished

Notes
Turn   | Place    | Note
-------+----------+-------------------------------------------
     0 | D:1      | Hubris850 the Tengu Fire Elementalist began the quest for
                  | the Orb.
     0 | D:1      | Reached XP level 1. HP: 10/10 MP: 4/4
   106 | D:1      | Reached XP level 2. HP: 15/15 MP: 3/6
   136 | D:1      | Learned a level 2 spell: Scorch
   809 | D:1      | Reached XP level 3. HP: 19/19 MP: 7/7
  1124 | D:2      | Noticed Robin
  1149 | D:1      | Killed Robin
  1235 | D:2      | Reached XP level 4. HP: 14/24 MP: 1/8
  1478 | D:2      | Found a faded altar of an unknown god.
  1805 | D:2      | Gained mutation: Your magical nature lets you fly swiftly
                  | and evasively. [Tengu growth]
  1805 | D:2      | Reached XP level 5. HP: 28/28 MP: 6/10
  2364 | D:3      | Noticed Jessica
  2367 | D:3      | Killed Jessica
  2455 | D:3      | Reached XP level 6. HP: 32/32 MP: 11/11
  2709 | D:3      | Learned a level 3 spell: Kindle Blastsparks
  3229 | D:4      | Found an opulent altar of Gozag.
  3339 | D:4      | Found a hide-covered altar of Uskayaw.
  3399 | D:5      | Entered Level 5 of the Dungeon
  3458 | D:5      | Reached skill level 1 in Air Magic
  3529 | D:5      | Found a shadowy altar of Dithmenos.
  3653 | D:5      | Found Dayx's Firing Range.
  3681 | D:5      | Reached skill level 1 in Translocations
  3750 | D:5      | Reached XP level 7. HP: 36/36 MP: 6/13
  3763 | D:5      | Reached skill level 5 in Fire Magic
  4103 | D:5      | Found a staircase to the Ecumenical Temple.
  4109 | Temple   | Entered the Ecumenical Temple
  4571 | D:6      | Reached skill level 5 in Conjurations
  4632 | D:6      | Noticed Edmund
  4662 | D:6      | Found a broken altar of Ashenzari.
  4766 | D:6      | Reached XP level 8. HP: 24/41 MP: 7/15
  5111 | D:6      | Found a sacrificial altar of Ru.
  5281 | D:6      | Killed Edmund
  5287 | D:6      | Learned a level 4 spell: Flame Wave
  5291 | D:6      | Learned a level 3 spell: Inner Flame
  5596 | D:6      | Reached skill level 5 in Spellcasting
  6139 | D:6      | Identified a scroll of acquirement
  6141 | D:6      | Acquired the +4 kite shield of the Peach {rC+ rN+}
  6232 | D:7      | Reached XP level 9. HP: 22/45 MP: 7/18
  6565 | D:7      | Found a radiant altar of Vehumet.
  6572 | D:7      | Became a worshipper of Vehumet
  6642 | D:7      | Noticed Menkaure
  6651 | D:7      | Killed Menkaure
  6777 | D:7      | Reached skill level 1 in Short Blades
  6892 | D:7      | Gained mutation: You are frail. (-10% HP) [potion of
                  | mutation]
  6892 | D:7      | Gained mutation: You are strong-willed. (Will+) [potion of
                  | mutation]
  6892 | D:7      | Gained mutation: You are partially covered in iridescent
                  | scales. (AC +2) [potion of mutation]
  7067 | D:7      | Reached skill level 1 in Shields
  7157 | D:7      | Reached skill level 2 in Short Blades
  7415 | D:8      | Found a stormy altar of Qazlal.
  7427 | D:8      | Noticed a hornet
  7431 | D:8      | Killed a hornet
  7432 | D:8      | Reached skill level 3 in Short Blades
  7680 | D:8      | Reached skill level 4 in Short Blades
  7897 | D:8      | Found a shimmering blue altar of Sif Muna.
  7901 | D:8      | Found a basalt altar of Yredelemnul.
  7901 | D:8      | Found a white marble altar of Elyvilon.
  7907 | D:8      | Found an ancient bone altar of Kikubaaqudgha.
  8039 | D:8      | Noticed a hornet
  8042 | D:8      | Reached * piety under Vehumet
  8042 | D:8      | Offered knowledge of Shock by Vehumet.
  8047 | D:8      | Killed a hornet
  8048 | D:8      | Reached XP level 10. HP: 24/45 MP: 2/19
  8272 | D:9      | Reached skill level 5 in Short Blades
  8329 | D:9      | Identified the +5 cloak of the Lion {Int+5}
  8374 | D:9      | Found a glowing golden altar of the Shining One.
  8421 | D:9      | Reached skill level 5 in Shields
  8538 | D:9      | Found Bopo's Armour Shoppe.
  8553 | D:9      | Reached skill level 6 in Short Blades
  8559 | D:9      | Noticed a two-headed ogre
  8641 | D:9      | Killed a two-headed ogre
  8716 | D:9      | Found a staircase to the Orcish Mines.
  8744 | D:9      | Bought the +0 pair of fencer's gloves {Riposte Dex+3} for
                  | 480 gold pieces
  8744 | D:9      | Found the +0 pair of fencer's gloves {Riposte Dex+3}
  8767 | D:9      | Found a staircase to the Lair.
  8778 | Lair:1   | Entered Level 1 of the Lair of Beasts
  8991 | D:9      | Noticed a two-headed ogre
  8998 | D:9      | Reached skill level 7 in Short Blades
  9002 | D:9      | Killed a two-headed ogre
  9012 | D:9      | Reached skill level 8 in Short Blades
  9013 | D:9      | Reached ** piety under Vehumet
  9013 | D:9      | Offered knowledge of Poisonous Vapours by Vehumet.
  9015 | D:9      | Noticed a cyclops
  9141 | D:9      | Killed a cyclops
  9490 | Lair:1   | Noticed an eight-headed hydra
  9498 | Lair:1   | Killed an eight-headed hydra
  9499 | Lair:1   | Reached XP level 11. HP: 27/48 MP: 10/20
  9641 | Lair:1   | Reached skill level 9 in Short Blades
  9697 | Lair:1   | Noticed a boulder beetle
  9723 | Lair:1   | Demolished by a boulder beetle

Illustrated notes

Levels and vault maps discovered:
D:1:      heliophobic_arrival_ceremonial_halls, layout_basic
D:2:      layout_basic, dreamdust_ecumenical_altar_grove, uniq_robin
D:3:      layout_loops_cross, uniq_jessica
D:4:      layout_rooms, grunt_gozag_breadcrumbs, kennysheep_mini,
          amcnicky_mini_pool_small, corner_web_ring
D:5:      layout_loops_ring, mainiacjoe_overflow_paths,
          minmay_temple_entry_enclosed_plants, chequers_big_river,
          nicolae_shop_firing_range
D:6:      layout_basic, evilmike_ruin_ashenzari, mainiacjoe_overflow_boulevard,
          serial_co_window_serial, co_window_paths_a, co_window_corner_a,
          co_window_paths_a, co_window_paths_a, co_window_paths_b,
          co_window_of_opportunity_a, co_window_corner_a, co_window_2corner,
          co_window_2corner, co_window_corner_b, co_window_corner_b,
          glass_columns_b, glass_columns_c, glass_columns_b, glass_columns_c,
          glass_columns_b, minmay_crystal_room, uniq_edmund
D:7:      layout_rooms, vehumet_altar_wand_db, uniq_menkaure
D:8:      layout_basic, nicolae_overflow_hallway_of_the_gods
D:9:      minmay_opposing_rooms, layout_cave_pools, tso_metal_star,
          lair_entry_dummy, orc_david_3
Temple:   hellmonk_temple_two_chambers
Lair:1:   layout_regular_city, grunt_megastairs_4, infiniplex_staircase_pool_2

Skill      XL: |  1  2  3  4  5  6  7  8  9 10 11 |
---------------+----------------------------------+-----
Conjurations   | 2 3 4 5 7 8 |  8.0
Dodging        | 3 |  3.5
Fire Magic     | 4 5 6 7 |  7.5
Stealth        | 3 |  3.0
Spellcasting   | 3 4 5 |  5.9
Air Magic      | 1 3 |  3.0
Translocations | 1 2 3 |  3.0
Short Blades   | 4 8 9 |  9.2
Shields        | 4 8 |  8.4

Action                     |  1- 3 |  4- 6 |  7- 9 | 10-12 || total
---------------------------+-------+-------+-------+-------++-------
  Melee: Short sword       |    21 |       |       |       ||    21
         Mace              |     2 |       |       |       ||     2
         Kick              |    11 |    24 |    40 |    25 ||   100
         Dagger            |    12 |   104 |   137 |    35 ||   288
         Peck              |     2 |    15 |    28 |    16 ||    61
         Punch             |     1 |       |     1 |       ||     2
  Throw: Dart              |       |       |       |     1 ||     1
   Cast: Foxfire           |    33 |    40 |    32 |    29 ||   134
         Scorch            |     2 |    14 |    81 |    29 ||   126
         Kindle Blastspark |       |       |     2 |       ||     2
         Flame Wave        |       |       |     3 |     4 ||     7
  Evoke: Wand              |       |       |     2 |     4 ||     6
    Use: Potion            |     3 |     2 |     7 |     2 ||    14
         Scroll            |       |     5 |     9 |     2 ||    16
   Stab: Sleeping          |       |     4 |     4 |       ||     8
 Armour: Animal skin       |    10 |    21 |    38 |    24 ||    93
         Robe              |     2 |       |       |       ||     2
  Dodge: Dodged            |    29 |    67 |   114 |    39 ||   249
  Block: Kite shield       |       |       |       |    34 ||    34
Riposte: Dagger            |       |       |       |    15 ||    15

Table legend: (Time is in decaauts)
 A = Elapsed time spent in this place.
 B = Non-inter-level travel time spent in this place.
 C = Inter-level travel time spent in this place.
 D = Time resting spent in this place.
 E = Time spent auto-exploring this place.
 F = Levels seen in this place.
 G = Mean time per level.
                   A        B        C        D        E       F      G
               +--------+--------+--------+--------+--------+-----+--------+
         Total |   9241 |   8976 |    265 |   1536 |   5516 |  11 |  840.1 |
       Dungeon |   8957 |   8698 |    259 |   1463 |   5411 |   9 |  995.2 |
        Temple |     16 |     12 |      4 |      0 |      9 |   1 |   16.0 |
          Lair |    267 |    266 |      1 |     73 |     96 |   1 |  267.0 |
               +--------+--------+--------+--------+--------+-----+--------+

Top non-repeatable levels by time:
     D:6: 1814 daAuts
     D:1: 1205 daAuts
     D:9: 1033 daAuts
     D:7: 1008 daAuts
     D:2: 969 daAuts
     D:5: 957 daAuts
     D:8: 865 daAuts
     D:3: 630 daAuts
     D:4: 471 daAuts
  Lair:1: 267 daAuts
  Temple: 16 daAuts
